 Dungeon Crawl Stone Soup version 0.25-a0-1073-gf4359a17dd (webtiles) character file.

Game seed: 2594776246704439366, levelgen mode: deterministic

76939 Flugslaktarn the Severer (level 15, -3/137 HPs)
             Began as a Minotaur Fighter on May 14, 2020.
             Was an Initiate of Gozag.
             Blown up by a cacodemon (9 damage)
             ... with a bolt of energy
             ... summoned by Asterion
             ... on level 2 of the Snake Pit.
             The game lasted 00:13:00 (26091 turns).

Flugslaktarn the Severer (Minotaur Fighter)        Turns: 26091, Time: 00:13:01

Health: -3/137     AC: 27    Str: 26    XL:     15   Next: 13%
Magic:  16/23      EV: 11    Int:  5    God:    Gozag
Gold:   636        SH: 32    Dex: 11    Spells: 14/14 levels left

rFire    + . .     SeeInvis .   a - +0 war axe (freeze)
rCold    + + .     Gourm    .   K - +18 shield of the Gong {rElec rN+ MR+ EV-5}
rNeg     + . .     Faith    .   i - +8 plate armour "Imeekk" {rC+}
rPois    +         Spirit   .   (helmet restricted)
rElec    +         Reflect  .   u - +2 cloak {rPois}
rCorr    .         Harm     .   (no gloves)
MR       ++...                  (no boots)
Stlth    ..........             (no amulet)
HPRegen  0.32/turn              I - ring of the Princess {rF+ rC+ MP+9}
MPRegen  0.18/turn              v - +4 ring of evasion

@: mighty, lethally poisoned (-3 -> -8), marked, gold aura, stab, invisible
A: retaliatory headbutt, horns 2
a: Potion Petition, Call Merchant, Bribe Branch, Renounce Religion


You were on level 2 of the Snake Pit.
You worshipped Gozag.
Gozag was pleased with you.
You were not hungry.

You visited 4 branches of the dungeon, and saw 23 of its levels.

You collected 5914 gold pieces.
You spent 3082 gold pieces at shops.
You paid 2196 gold pieces to Gozag.

Inventory:

Hand Weapons
 a - a +0 war axe of freezing (weapon)
 G - a +0 broad axe
   (You found it on level 12 of the Dungeon)
 H - the +3 war axe of Xekhlenwo {vorpal, *Slow rElec rN+ Str+3}
   (You bought it in a shop on level 15 of the Dungeon)

   It inflicts extra damage upon your enemies.
   It affects your strength (+3).
   It insulates you from electricity.
   It protects you from negative energy.
   It may slow you when you take damage.
Missiles
 b - 3 throwing nets (quivered)
Armour
 c - a +0 kite shield
 i - the +8 plate armour "Imeekk" (worn) {rC+}
   (You bought it in a shop on level 1 of the Lair of Beasts)

   It protects you from cold.
 u - a +2 cloak of poison resistance (worn)
   (You bought it in a shop on level 1 of the Lair of Beasts)
 D - a +0 tower shield
   (You took it off Louise on level 15 of the Dungeon)
 K - the +18 shield of the Gong (worn) {rElec rN+ MR+ EV-5}
   (You acquired it on level 1 of the Snake Pit)

   It affects your evasion (-5).
   It insulates you from electricity.
   It protects you from negative energy.
   It affects your resistance to hostile enchantments.
Jewellery
 v - a +4 ring of evasion (right hand)
   (You bought it in a shop on level 15 of the Dungeon)
 C - an uncursed ring of positive energy
   (You found it on level 13 of the Dungeon)
 I - the ring of the Princess (left hand) {rF+ rC+ MP+9}
   (You bought it in a shop on level 15 of the Dungeon)

   [ring of protection from fire]

   It protects you from fire.
   It protects you from cold.
   It affects your magic capacity (+9).
Wands
 o - a wand of paralysis (1)
   (You found it on level 4 of the Dungeon)
Scrolls
 k - a scroll of immolation
 l - 4 scrolls of fear
 m - a scroll of fog
 p - 3 scrolls of enchant weapon
 r - 7 scrolls of identify
 s - 3 scrolls of vulnerability
 t - 11 scrolls of teleportation
 x - 8 scrolls of remove curse
 y - a scroll of magic mapping
 z - 4 scrolls of blinking
 F - a scroll of enchant armour
Potions
 d - a potion of might
 f - a potion of flight
 g - 4 potions of brilliance
 h - 4 potions of haste
 j - 6 potions of lignification
 n - 2 potions of resistance
 q - 5 potions of curing
 w - a potion of heal wounds
 A - a potion of magic
 B - 3 potions of mutation
 E - 2 potions of invisibility
 J - a potion of berserk rage
Comestibles
 e - 7 rations


   Skills:
 - Level 13.9 Fighting
 - Level 18.3 Axes
 - Level 13.9 Armour
 + Level 9.8 Dodging
 - Level 13.9 Shields


You had 14 spell levels left.
You didn't know any spells.
Your spell library was empty.

Dungeon Overview and Level Annotations

Branches:
Dungeon (15/15)            Temple (1/1) D:4            Lair (5/6) D:10
  Swamp (0/4) Lair:3        Snake (2/4) Lair:3        Slime (0/5) Lair:5
    Orc (0/2) D:10         Vaults (0/5) D:14         Depths (0/5) D:15

Altars:
Ashenzari
Cheibriados
Dithmenos
Elyvilon
Fedhas
Gozag
Hepliaklqana
Kikubaaqudgha
Makhleb
Okawaru
Qazlal
Ru
Sif Muna
Uskayaw
Vehumet
Wu Jian
Xom
Yredelemnul
Zin
The Shining One
Jiyva

Shops:
D:8 ?   D:11 ?   D:15 =(   Lair:1 [

Annotations:
D:3 Ijyb
D:8 4 exclusions
D:10 3 runed translucent doors, Flugslaktarn's ghost, novice DDFi
D:12 3 runed translucent doors, MirrMurr's ghost, journeyman KoBe
Lair:5 exclusion: 2 oklob plants
Snake:2 Asterion


Innate Abilities, Weirdness & Mutations

You reflexively headbutt those who attack you in melee.
You have a pair of horns on your head.


Message History

Asterion hits you with a +3 demon whip of electrocution!!
* * * LOW HITPOINT WARNING * * *
Asterion gores you but does no damage.
The naga ritualist becomes distracted by the nearby gold, dreaming of imaginary riches.
Okay, then. [a] - 0 gold - resistance, might and haste [b] - 0 gold - flight, stabbing and invisibility [c] - 0 gold - invisibility, stabbing and might Purchase which effect?
You fade into invisibility!
You feel ready to backstab.
You feel mightier all of a sudden.
You feel sick.
* * * LOW HITPOINT WARNING * * *
You block the mana viper's attack.
GONNNNG!
Asterion becomes distracted by the nearby gold, dreaming of imaginary riches.
The salamander becomes distracted by the nearby gold, dreaming of imaginary riches.
The cacodemon gestures at you. The bolt of energy hits you!
You die...

## ### #.####.#### ####
##......... #...#
..........###....##
.....)....##......##
.................#..
......2...........#
......S@..........##
......H$##.........# ..
........###........#...
......#.# ##.......#..
.NNN###.# ##.......#
..## ..# #.......# .
### ##......## $ .#
#.......# #. ##....##..


You could see Asterion (fast, strong, unaware), a naga warrior, a cacodemon
(summoned), a salamander (unaware), a naga ritualist (toxic aura) and a mana
viper.

Vanquished Creatures
  Louise (D:15)
  Nessos (D:13)
  A dire elephant (D:15)
  Harold (D:8)
  2 hydras
  A rakshasa (D:15)
  2 naga warriors (Snake:1)
  3 centaur warriors
  An anaconda (Snake:1)
  2 two-headed ogres
  A queen ant (Lair:2)
  2 naga sharpshooters (Snake:1)
  2 shock serpents (Snake:1)
  Sonja (D:10)
  5 unseen horrors
  A wizard (D:12)
  2 deep elf magi
  3 mana vipers
  An orc knight (D:13)
  Pikel (D:6)
  A wolf spider zombie (D:15)
  4 naga ritualists
  2 salamanders (Snake:1)
  A wolf spider (D:15)
  A manticore (D:15)
  A centaur zombie (D:15)
  5 cyclopes
  4 elephants (Lair:4)
  21 black mambas
  3 naga magi
  Maggie (D:6)
  7 centaur skeletons
  2 gargoyles
  10 spiny frogs
  A kobold demonologist (D:15)
  4 rime drakes
  6 komodo dragons
  6 trolls
  2 hornets (Lair:1)
  A polar bear (Lair:3)
  Grinder (D:6)
  11 blink frogs
  17 slime creatures
  2 bog bodies (Lair:3)
  4 dream sheep (Lair:5)
  5 hippogriffs
  2 wyverns
  A centaur simulacrum (D:14)
  A wraith (D:13)
  A vampire (D:15)
  3 hogs (D:8)
  A human (D:8)
  29 yaks
  3 hungry ghosts
  5 basilisks
  Grum (D:8)
  9 vampire mosquitoes (D:13)
  11 nagas
  5 soldier ants
  14 wargs (D:13)
  9 water moccasins
  6 porcupines
  5 ice beasts
  2 phantoms
  3 sky beasts
  2 slaves (D:6)
  A black bear (D:11)
  11 orc warriors
  A necrophage (D:9)
  6 ogres
  2 centaurs
  20 wolves
  15 crocodiles
  2 big kobolds
  13 bullfrogs
  A gnoll sergeant (D:6)
  2 wyvern zombies
  A wyvern skeleton (D:13)
  3 scorpions
  3 wights (D:13)
  An electric eel (Lair:5)
  4 howler monkeys
  2 crimson imps
  5 jellies
  2 quasits
  7 orc priests
  6 hounds
  A bullfrog skeleton (D:13)
  16 orc wizards
  3 iguanas
  31 worker ants
  2 hell rats (Lair:3)
  2 hound zombies
  A hound skeleton (D:8)
  A worker ant zombie (D:6)
  10 gnolls
  19 adders
  10 river rats (Lair:3)
  3 oozes
  An adder zombie (D:9)
  An adder skeleton (D:4)
  5 worms
  A dart slug (D:1)
  2 leopard geckos
  60 orcs
  3 giant cockroaches
  9 goblins
  13 hobgoblins
  4 jackals (D:7)
  11 kobolds
  3 quokkas
  4 bats
  A frilled lizard (D:4)
  A jackal skeleton (D:8)
  A leopard gecko zombie (D:7)
  A quokka skeleton (D:5)
  2 rats (D:1)
  A bush (Lair:4)
  A fungus (Lair:2)
  3 plants
605 creatures vanquished.

Vanquished Creatures (others)
  2 dancing weapons (D:14)
  A slave (D:6)
  A centaur (D:6)
  A crimson imp (D:6)
  A bullfrog skeleton (D:6)
  An orc wizard (D:8)
  A worm (D:6)
  An orc (D:6)
  23 fungi
  38 plants
70 creatures vanquished.

Grand Total: 675 creatures vanquished

Notes
Turn   | Place    | Note
-------+----------+-------------------------------------------
     0 | D:1      | Flugslaktarn the Minotaur Fighter began the quest for the
                  | Orb.
     0 | D:1      | Reached XP level 1. HP: 19/19 MP: 0/0
   167 | D:1      | Reached XP level 2. HP: 27/27 MP: 1/1
   197 | D:1      | Reached skill level 3 in Axes
   337 | D:2      | Found an ancient bone altar of Kikubaaqudgha.
   371 | D:2      | Reached XP level 3. HP: 25/33 MP: 2/2
   441 | D:2      | Found a radiant altar of Vehumet.
   703 | D:4      | Reached XP level 4. HP: 33/40 MP: 3/3
   710 | D:4      | Reached skill level 4 in Axes
   735 | D:3      | Reached XP level 5. HP: 8/47 MP: 4/4
   789 | D:3      | Noticed Ijyb
  1415 | D:4      | Found a staircase to the Ecumenical Temple.
  1493 | Temple   | Entered the Ecumenical Temple
  1587 | Temple   | Became a worshipper of Gozag Ym Sagoz the Greedy
  2074 | D:5      | Entered Level 5 of the Dungeon
  2114 | D:5      | Reached skill level 5 in Axes
  2166 | D:5      | Found a shimmering blue altar of Sif Muna.
  2300 | D:5      | Reached XP level 6. HP: 55/55 MP: 5/5
  2302 | D:5      | Reached skill level 5 in Fighting
  2302 | D:5      | Reached skill level 5 in Shields
  2346 | D:5      | Reached skill level 5 in Armour
  2978 | D:6      | Noticed a slave
  2988 | D:6      | Killed a slave
  3004 | D:6      | Noticed a slave
  3004 | D:6      | Noticed a slave
  3005 | D:6      | Noticed Pikel
  3006 | D:6      | Noticed a slave
  3007 | D:6      | Noticed Maggie
  3024 | D:6      | Killed a slave
  3037 | D:6      | Killed Pikel
  3037 | D:6      | Reached skill level 7 in Axes
  3037 | D:6      | Reached XP level 7. HP: 32/63 MP: 6/6
  3048 | D:6      | Killed Maggie
  3048 | D:6      | Reached XP level 8. HP: 8/71 MP: 7/7
  3579 | D:6      | Noticed Grinder
  3586 | D:6      | Paralysed by Grinder for 4 turns
  3603 | D:6      | Killed Grinder
  3603 | D:6      | Reached skill level 8 in Axes
  4050 | D:6      | Found a snail-covered altar of Cheibriados.
  4330 | D:7      | Reached skill level 9 in Axes
  4454 | D:7      | Found a shadowy altar of Dithmenos.
  4587 | D:7      | Found a shimmering altar of Xom.
  4644 | D:7      | Found a glowing golden altar of the Shining One.
  4751 | D:7      | Reached XP level 9. HP: 76/79 MP: 8/8
  4817 | D:7      | Found an ornate altar of the Wu Jian Council.
  5074 | D:7      | Found a hide-covered altar of Uskayaw.
  5079 | D:7      | Found a glowing silver altar of Zin.
  5184 | D:8      | Noticed Harold
  5233 | D:8      | Killed Harold
  5233 | D:8      | Reached skill level 10 in Axes
  5581 | D:8      | Noticed Grum
  5599 | D:8      | Killed Grum
  5599 | D:8      | Reached skill level 11 in Axes
  5778 | D:8      | Reached XP level 10. HP: 85/90 MP: 9/9
  6149 | D:8      | Found Baplaogu's Magic Scroll Shoppe.
  6245 | D:8      | Bought a scroll of brand weapon for 220 gold pieces
  6245 | D:8      | Bought a scroll of fear for 38 gold pieces
  6245 | D:8      | Bought a scroll of fog for 22 gold pieces
  6245 | D:8      | Bought a scroll of magic mapping for 38 gold pieces
  6451 | D:8      | Noticed a gargoyle
  6463 | D:8      | Killed a gargoyle
  7168 | D:9      | Reached skill level 12 in Axes
  7243 | D:9      | Noticed a centaur warrior
  7364 | D:9      | Killed a centaur warrior
  7999 | D:10     | Entered Level 10 of the Dungeon
  8024 | D:10     | Found a staircase to the Lair.
  8040 | D:10     | Noticed Sonja
  8054 | D:10     | Killed Sonja
  8054 | D:10     | HP: 1/93 [something (7)]
  8072 | D:10     | Reached XP level 11. HP: 24/99 MP: 10/10
  8422 | D:10     | Found a staircase to the Orcish Mines.
  8465 | D:10     | Killed an unseen horror
  8465 | D:10     | Reached skill level 10 in Fighting
  8465 | D:10     | Reached skill level 10 in Shields
  8651 | D:10     | Found a runed translucent gate.
  8651 | D:10     | Found a runed translucent gate.
  8651 | D:10     | Found a runed translucent gate.
  8656 | D:10     | Noticed Flugslaktarn's ghost (novice DDFi)
  8867 | D:10     | Reached skill level 10 in Armour
  9079 | Lair:1   | Entered Level 1 of the Lair of Beasts
  9082 | Lair:1   | Bought a +2 cloak of poison resistance for 259 gold pieces
  9214 | Lair:1   | Reached skill level 13 in Axes
 11504 | Lair:2   | Reached skill level 14 in Axes
 12245 | Lair:2   | Noticed a queen ant
 12270 | Lair:2   | Killed a queen ant
 12270 | Lair:2   | Reached XP level 12. HP: 70/110 MP: 11/11
 13667 | Lair:3   | Found a staircase to the Snake Pit.
 14035 | Lair:3   | Found a staircase to the Swamp.
 14351 | Lair:4   | Reached skill level 15 in Axes
 14408 | Lair:4   | Noticed a seven-headed hydra
 14484 | Lair:1   | Bought the +8 plate armour "Imeekk" {rC+} for 1078 gold
                  | pieces
 14604 | Lair:4   | Killed a 16-headed hydra
 16173 | Lair:5   | Reached XP level 13. HP: 98/118 MP: 12/12
 16176 | Lair:5   | Reached skill level 16 in Axes
 16664 | Lair:5   | Found a viscous altar of Jiyva.
 16666 | Lair:5   | Found a staircase to the Slime Pits.
 17805 | D:11     | Found Ixzu's Magic Scroll Shop.
 17813 | D:11     | Bought a scroll of enchant weapon for 90 gold pieces
 17813 | D:11     | Bought a scroll of magic mapping for 42 gold pieces
 18833 | D:12     | Found a runed translucent gate.
 18833 | D:12     | Found a runed translucent gate.
 18833 | D:12     | Found a runed translucent gate.
 18834 | D:12     | Noticed MirrMurr's ghost (journeyman KoBe)
 18834 | D:12     | Noticed a fire dragon
 19532 | D:13     | Reached skill level 17 in Axes
 20486 | D:13     | Noticed Nessos
 20520 | D:13     | Killed Nessos
 21451 | D:13     | Reached XP level 14. HP: 129/129 MP: 13/13
 22632 | D:14     | Found a gate to the Vaults.
 22821 | D:15     | Entered Level 15 of the Dungeon
 23073 | D:15     | Reached skill level 18 in Axes
 23294 | D:15     | Found a shattered altar of Ashenzari.
 23389 | D:15     | Noticed Louise
 23630 | D:15     | Found a staircase to the Depths.
 24278 | D:15     | Reached skill level 1 in Dodging
 24479 | D:15     | Killed Louise
 24645 | D:15     | Bought a crystal war axe for 263 gold pieces
 24645 | D:15     | Identified the +3 war axe of Xekhlenwo {vorpal, *Slow rElec
                  | rN+ Str+3} (You bought it in a shop on level 15 of the
                  | Dungeon)
 24648 | D:15     | Bought the ring of the Princess {rF+ rC+ MP+9} for 636 gold
                  | pieces
 24650 | D:15     | Bought a +4 ring of evasion for 396 gold pieces
 24779 | Snake:1  | Entered Level 1 of the Snake Pit
 24866 | Snake:1  | Identified a scroll of acquirement
 24867 | Snake:1  | Identified the ring of Youthful Indiscretion {+Blink rElec
                  | Str+8 Int-3 Stlth+} (You acquired it on level 1 of the
                  | Snake Pit)
 24868 | Snake:1  | Found the +18 shield of the Gong {rElec rN+ MR+ EV-5}
 25029 | Snake:1  | Reached skill level 5 in Dodging
 25537 | Snake:1  | Reached XP level 15. HP: 93/137 MP: 14/14
 26063 | Snake:2  | Noticed Asterion
 26091 | Snake:2  | HP: 6/137 [naga ritualist/Olgreb's Toxic Radiance (1)]
 26091 | Snake:2  | Blown up by a cacodemon

Illustrated notes

Levels and vault maps discovered:
D:1:      giann_horns, layout_loops_ring
D:2:      layout_basic, vehumet_crystals, marbit_many_paths,
          nemelex_altar_shiori, minmay_misc_feat_ornament
D:3:      minmay_general_purpose_star, layout_basic, lightli_temple_of_fire,
          first_ration, uniq_ijyb
D:4:      layout_loops_cross, minmay_temple_entry_glassed_door,
          minmay_goblin_outpost
D:5:      layout_basic, kennysheep_little_box
D:6:      layout_loops_ring, slow_altar_1, uniq_pikel, uniq_grinder, uniq_maggie
D:7:      layout_cave_pools, xom_butterflies, lemuel_doored_altar,
          amethyst_overflow_temple_binary, grunt_dithmenos_smoke_and_mirrors,
          lemuel_crystal_altar
D:8:      cheibrodos_statue_roulette, layout_basic, serial_shops, shop,
          grunt_livestock, palyth_stone_intersect, uniq_grum, uniq_harold
D:9:      minmay_clustersquares, layout_basic
D:10:     layout_rooms, dpeg_oklobed_lair, orc_0_dummy,
          gammafunk_ghost_spectres, enter_bailey_8, uniq_sonja
D:11:     layout_irregular_city, serial_shops, shop
D:12:     layout_rooms, gammafunk_ghost_split
D:13:     lemuel_castle_with_subvaults [lemuel_castle_interior_carwin_3],
          layout_irregular_city, portal_ice_cave_rime, uniq_nessos
D:14:     kennysheep_four_of_diamonds, layout_basic, erik_vaults_1,
          small_statue_intersection, tgw_xom
D:15:     hangedman_depths_entry_try_elsewhere_first, layout_basic,
          nicolae_ashenzari_panopticon,
          hangedman_abyss_or_decor_jellyfish_corner, uniq_louise
Temple:   zaba_magenta_temple
Lair:1:   minmay_lair_venomous_thicket, layout_cave_pods
Lair:2:   layout_chaotic_city, minmay_another_anthill
Lair:3:   layout_regular_city, skrybe_swamp_entry_bodies, dummy_snake_entry,
          kennysheep_rathole, lemuel_fruit_tree, infiniplex_staircase_pool
Lair:4:   layout_misc_corridors, cheibrodos_lair_reptile_den
Lair:5:   layout_cave_pods, slime_altar_1, minmay_lair_oklob_chamber,
          serial_bayou_shore_a, grunt_megastairs_4
Snake:1:  layout_layer_cave, ebering_ghost_rock_garden, drop_trap
Snake:2:  layout_chambers, uniq_vashnia, uniq_asterion, uniq_kirke

Skill      XL: |  1  2  3  4  5  6  7  8  9 10 11 12 13 14 15 |
---------------+----------------------------------------------+-----
Axes           | 3 4 5 7 9 11 12 14 15 17 18 | 18.3
Fighting       | 4 6 7 8 9 11 12 13 | 13.9
Armour         | 4 6 7 8 9 11 12 13 | 13.9
Shields        | 4 6 7 8 9 11 12 13 | 13.9
Dodging        | 8 9 |  9.8

Action                   |  1- 3 |  4- 6 |  7- 9 | 10-12 | 13-15 || total
-------------------------+-------+-------+-------+-------+-------++-------
Melee: War axe           |    75 |   111 |   214 |   771 |  1044 ||  2215
       Headbutt          |    11 |    23 |    53 |   173 |   251 ||   511
Invok: Call Merchant     |       |       |       |     1 |     2 ||     3
       Potion Petition   |       |       |       |       |     1 ||     1
Evoke: Wand              |       |       |     1 |     3 |       ||     4
  Use: Potion            |       |     1 |     4 |     4 |     3 ||    12
       Scroll            |       |       |    14 |    10 |     7 ||    31
 Stab: Paralysed         |       |       |     1 |     2 |       ||     3
       Distracted        |       |       |       |    11 |     8 ||    19
  Eat: Chunk             |       |     3 |       |       |       ||     3
       Ration            |       |     1 |     3 |    10 |    11 ||    25
Armor: Scale mail        |    38 |    54 |    19 |       |       ||   111
       Chain mail        |       |       |    55 |   107 |       ||   162
       Plate armour      |       |       |       |   264 |   411 ||   675
Dodge: Dodged            |    22 |    37 |    43 |   172 |   149 ||   423
Block: Kite shield       |    52 |    71 |   112 |   426 |   658 ||  1319

Table legend:
 A = Non-vault XP
 B = Vault XP
 C = Vault XP percentage of total XP
 D = Non-vault monster count
 E = Vault monster count
 F = Vault count percentage of total count
                 A         B        C        D         E       F
            +---------+---------+-------+---------+---------+-------
      Total |   85111 |   24802 |  22.6 |     453 |     148 |  24.6
            +---------+---------+-------+---------+---------+-------
        D:1 |      25 |       0 |   0.0 |      13 |       0 |   0.0
        D:2 |      26 |       1 |   3.7 |       5 |       1 |  16.7
        D:3 |      76 |       0 |   0.0 |      12 |       0 |   0.0
        D:4 |     151 |      20 |  11.7 |      15 |      10 |  40.0
        D:5 |     348 |       0 |   0.0 |      11 |       0 |   0.0
        D:6 |     491 |    1305 |  72.7 |      12 |       3 |  20.0
        D:7 |     650 |       0 |   0.0 |      21 |       0 |   0.0
        D:8 |    1318 |    3052 |  69.8 |      23 |      12 |  34.3
        D:9 |    1198 |    1337 |  52.7 |      19 |       8 |  29.6
       D:10 |    1696 |     807 |  32.2 |      14 |       1 |   6.7
       D:11 |    5331 |       0 |   0.0 |      36 |       0 |   0.0
       D:12 |    4107 |       0 |   0.0 |      28 |       0 |   0.0
       D:13 |    7847 |    5948 |  43.1 |      46 |      53 |  53.5
       D:14 |    5411 |    1808 |  25.0 |      14 |       2 |  12.5
       D:15 |   10128 |    4391 |  30.2 |      26 |       5 |  16.1
     Lair:1 |    2468 |    2143 |  46.5 |      12 |      15 |  55.6
     Lair:2 |    3864 |    2003 |  34.1 |      20 |      20 |  50.0
     Lair:3 |    3714 |     711 |  16.1 |      23 |      14 |  37.8
     Lair:4 |    7092 |     756 |   9.6 |      23 |       2 |   8.0
     Lair:5 |    7023 |     520 |   6.9 |      34 |       2 |   5.6
    Snake:1 |   19207 |       0 |   0.0 |      39 |       0 |   0.0
    Snake:2 |    2940 |       0 |   0.0 |       7 |       0 |   0.0
            +---------+---------+-------+---------+---------+-------
